 Dungeon Crawl Stone Soup version 0.28-a0-75-g15dc114455 (webtiles) character file.

Game seed: 2673066970042331887

1443 HAL9000 the Changer (level 8, -9/63 HPs)
             Began as a Purple Draconian Transmuter on Aug 2, 2021.
             Was a Follower of Sif Muna.
             Mangled by an orc warrior (13 damage)
             ... on level 6 of the Dungeon.
             The game lasted 00:17:45 (6543 turns).

HAL9000 the Changer (Purple Draconian Transmuter)   Turns: 6543, Time: 00:17:46

Health: -9/63      AC:  2    Str: 13    XL:     8   Next: 46%
Magic:  23/23      EV: 19    Int: 16    God:    Sif Muna [*.....]
Gold:   307        SH:  5    Dex: 16    Spells: 9/15 levels left

rFire   + . .      SeeInvis .     - Unarmed
rCold   . . .      Faith    .   (shield currently unavailable)
rNeg    . . .      Spirit   .   (armour unavailable)
rPois   x          Reflect  +   (helmet currently unavailable)
rElec   .          Harm     .   (cloak currently unavailable)
rCorr   .          Rampage  .   (gloves currently unavailable)
Will    +....                   (boots currently unavailable)
Stlth   ++........              n - amulet of reflection
HPRegen 0.20/turn               e - ring of magical power
MPRegen 0.18/turn               s - ring of protection from fire

@: spider-form
A: venomous fangs, (breathe power), AC +6, tiny, unfitting armour,
(cold-blooded)
a: End Transformation, Renounce Religion, Channel Magic


You were on level 6 of the Dungeon.
You worshipped Sif Muna.
Sif Muna was aware of your devotion.
You were a venomous arachnid creature.
You visited 2 branches of the dungeon, and saw 7 of its levels.

You collected 307 gold pieces.

Inventory:

Hand Weapons
 z - the +8 short sword "Reman" {holy, Dex+4}
   (You took it off an orc on level 5 of the Dungeon)

   It has been blessed by the Shining One to cause great damage to the undead
   and demons.
   Dex:       It affects your dexterity (+4).
Missiles
 r - a throwing net
Magical Staves
 u - a staff of earth
Jewellery
 e - a ring of magical power (left front leg)
 n - an amulet of reflection (around neck)
 s - a ring of protection from fire (right front leg)
Wands
 A - a wand of acid (3)
 C - a wand of paralysis (4)
 D - a wand of flame (12)
Scrolls
 a - a scroll of teleportation
 c - a scroll of blinking {unknown}
 f - a scroll of noise {unknown}
 g - a scroll of fear {unknown}
 j - a scroll of torment {unknown}
 l - a scroll of holy word {unknown}
 m - 2 scrolls of amnesia
 t - a scroll of magic mapping {unknown}
 v - 2 scrolls of vulnerability {unknown}
 y - a scroll of enchant weapon {unknown}
 B - a scroll of immolation {unknown}
Potions
 b - 2 potions of lignification
 d - 3 potions of curing
 h - 3 potions of haste
 i - a potion of resistance {unknown}
 k - a potion of mutation
 o - 2 potions of brilliance {unknown}
 p - a potion of cancellation {unknown}
 q - a potion of attraction {unknown}
 w - a potion of degeneration {unknown}


   Skills:
 * Level 3.5 Fighting
 - Level 2.5 Dodging
 - Level 0.9 Stealth
 + Level 5.9 Unarmed Combat
 - Level 4.2 Spellcasting
 - Level 7.8 Transmutations
 - Level 0.1 Poison Magic


You had 9 spell levels left.
You knew the following spells:

 Your Spells              Type           Power      Damage    Failure   Level
a - Beastly Appendage     Tmut           56%        N/A       4%          1
b - Wereblood             Tmut           28%        N/A       5%          2
c - Spider Form           Tmut/Pois      8%         N/A       24%         3

Your spell library contained the following spells:

 Spells                   Type           Power      Damage    Failure   Level
 Ignite Poison            Fire/Tmut/Pois 11%        N/A       36%         3
 Slow                     Hex            3%         N/A       47%         2
 Ice Form                 Ice/Tmut       15%        N/A       54%         4
 Confusing Touch          Hex            3%         N/A       67%         3
 Frozen Ramparts          Ice            6%         1d2       67%         3
 Gell's Gravitas          Tloc           1%         N/A       67%         3
 Lesser Beckoning         Tloc           1%         N/A       67%         3
 Teleport Other           Tloc           3%         N/A       67%         3
 Vampiric Draining        Necr           1%         2d6       67%         3
 Summon Ice Beast         Ice/Summ       3%         N/A       95%         4
 Freezing Cloud           Conj/Ice/Air   1%         6-21      100%        5
 Lightning Bolt           Conj/Air       1%         1d12      100%        5


Dungeon Overview and Level Annotations

Branches:
Dungeon (6/15)             Temple (1/1) D:5

Altars:
Cheibriados
Dithmenos
Fedhas
Okawaru
Qazlal
Ru
Sif Muna
Trog
Uskayaw
Wu Jian
Xom
Yredelemnul
Zin
The Shining One

Shops:
D:4 !


Innate Abilities, Weirdness & Mutations

You are a venomous arachnid creature.
You have poisonous fangs.
You are tiny and dextrous.
Your spellcasting is less reliable in this form.
Your armour is entirely melded.
You are incapable of wielding weapons or throwing items.
((You can breathe bolts of dispelling energy.))
((Your rich purple scales are hard. (AC +6)))
You cannot fit into any form of body armour.
((You are cold-blooded and may be slowed by cold attacks.))


Message History

Unknown command.
Press: ? - help, Shift-Dir - straight line, f - orc wizard
Aim: an orc wizard, wielding a +0 dagger and wearing a +0 robe (heavily wounded)
You breathe a bolt of dispelling energy.
The bolt of dispelling energy hits the orc warrior!
The orc warrior is moderately wounded.
The bolt of dispelling energy misses the orc wizard.
The orc warrior hits you with a +0 long sword of electrocution.
You have got your breath back.
Casting: Beastly Appendage (safe; 1% risk of failure)
Confirm with . or Enter, or press ? or * to list all spells.
You turn into a venomous arachnid creature.
The orc warrior closely misses you.
Unknown command.
You completely miss the orc warrior.
The orc warrior is moderately wounded.
You block the orc warrior's attack.
You hit the orc warrior.
The orc warrior is poisoned.
The orc warrior is heavily wounded.
You hit the orc warrior but do no damage.
The orc warrior is heavily wounded.
The orc warrior hits you with a +0 long sword of electrocution.
You are electrocuted!!
You closely miss the orc warrior.
The orc warrior is heavily wounded.
The orc wizard casts a spell.
The orc wizard flickers and vanishes!
Deactivating autopickup; reactivate with Ctrl-A.
The orc warrior hits you with a +0 long sword of electrocution!
You are electrocuted!
* * * LOW HITPOINT WARNING * * *
Unknown command.
Okay, then.
You barely miss the orc warrior.
The orc warrior is severely wounded.
Unknown command.
You barely miss the orc warrior.
The orc warrior is severely wounded.
The orc warrior hits you with a +0 long sword of electrocution!
You die...

...#.#......######...###.#..#####
####.#......#...##.#.....#.....#
.....#......#......#..####.###.##
######...####....#.#.....#.......
####.......##....###...#.#<....#.
...........##....#...#.#.#######
...........##....#.#...........
.....†.....##....#.#.##.######.#
...........''...so..............
####.......##...##.............#
#.......##...#######..#######
#.......##...# ##.#
#.......###### #.## #.......#
#..# ######### .......#.##
.......#..# .......##.#


You could see an orc warrior (poisoned).

Vanquished Creatures
  Sigmund (D:3)
  A sky beast (D:5)
  2 black bears
  An ice beast (D:5)
  2 ogres
  A phantom (D:5)
  A scorpion (D:5)
  A water moccasin skeleton (D:5)
  4 hounds
  2 orc priests (D:5)
  A bullfrog skeleton (D:6)
  Terence (D:2)
  Jessica (D:3)
  2 iguanas
  An orc wizard (D:5)
  8 gnolls
  3 adders
  A shadow imp (D:5)
  2 ufetubi
  4 worms
  4 dart slugs
  15 orcs
  6 bats
  5 endoplasms
  2 giant cockroaches
  8 goblins
  3 hobgoblins
  9 jackals
  2 quokkas
  2 ball pythons
  2 frilled lizards
  2 kobolds
  7 rats
107 creatures vanquished.

Vanquished Creatures (others)
  A worm (D:3)
  A bat (D:3)
  2 kobolds (D:3)
  A quokka (D:3)
  A ball python (D:3)
  A goblin (D:3)
  A rat (D:3)
8 creatures vanquished.

Grand Total: 115 creatures vanquished

Notes
Turn   | Place    | Note
-------+----------+-------------------------------------------
     0 | D:1      | HAL9000 the Draconian Transmuter began the quest for the
                  | Orb.
     0 | D:1      | Reached XP level 1. HP: 16/16 MP: 3/3
   366 | D:1      | Reached XP level 2. HP: 23/23 MP: 3/5
   603 | D:1      | Reached XP level 3. HP: 28/28 MP: 4/6
   737 | D:1      | You fall into a shaft and drop 1 floor!
   770 | D:2      | Learned a level 2 spell: Wereblood
  1035 | D:2      | Noticed Terence
  1061 | D:2      | Killed Terence
  1062 | D:2      | Reached XP level 4. HP: 22/35 MP: 8/8
  1537 | D:3      | Noticed Jessica
  1543 | D:3      | Killed Jessica
  2025 | D:3      | Noticed Sigmund
  2031 | D:3      | Learned a level 3 spell: Spider Form
  2067 | D:3      | Killed Sigmund
  2068 | D:3      | Reached skill level 3 in Transmutations
  2068 | D:3      | Reached XP level 5. HP: 2/40 MP: 10/10
  2068 | D:3      | Reached XP level 6. HP: 3/47 MP: 11/11
  2085 | D:3      | Found a faded altar of an unknown god.
  2508 | D:3      | Found a shimmering altar of Xom.
  2665 | D:3      | Reached skill level 4 in Transmutations
  3146 | D:4      | Found a stormy altar of Qazlal.
  3509 | D:4      | Found Hyupn's Distillery.
  3709 | D:4      | Reached skill level 5 in Transmutations
  3753 | D:4      | Found a glowing silver altar of Zin.
  3753 | D:4      | Noticed an angel
  3911 | D:5      | Entered Level 5 of the Dungeon
  3920 | D:5      | Your scales start taking on a rich purple colour.
  3920 | D:5      | Reached XP level 7. HP: 47/52 MP: 13/13
  4287 | D:5      | Found a staircase to the Ecumenical Temple.
  4300 | D:5      | Reached skill level 6 in Transmutations
  4305 | Temple   | Entered the Ecumenical Temple
  4581 | Temple   | Became a worshipper of Sif Muna the Loreminder
  4660 | D:5      | Identified the +8 short sword "Reman" {holy, Dex+4}
  4717 | D:5      | Reached skill level 7 in Transmutations
  4953 | D:5      | Reached XP level 8. HP: 46/59 MP: 14/14
  5079 | D:5      | Found a sacrificial altar of Ru.
  5085 | D:5      | Reached skill level 5 in Unarmed Combat
  5494 | D:5      | Reached * piety under Sif Muna
  5574 | D:5      | Got the Disquisition on Mutagenic Lightness
  5660 | D:5      | Found an ornate altar of the Wu Jian Council.
  6543 | D:6      | Mangled by an orc warrior

Illustrated notes

Levels and vault maps discovered:
D:1:      mrwooster_arrival_statue, layout_basic, minmay_misc_feat_ornament,
          minmay_indecisive_spiral
D:2:      layout_loops_ring, chequers_serial_rivers_small_3, uniq_terence
D:3:      layout_loops_ring, xom_confusion_cloud,
          shapermc_ecumenical_altar_mp_vishouse, uniq_jessica, uniq_sigmund
D:4:      layout_gridville, nicolae_qazlal_general_emergency, zin_angel,
          serial_shops, shop_fountains
D:5:      layout_basic, lemuel_coloured_pillars_altar,
          nicolae_ru_sacrificial_ziggurat, minmay_temple_entry_proselytizer,
          minmay_starry_boxes
D:6:      cheibrodos_thug_alley, layout_basic, gammafunk_ghost_grave
Temple:   jpeg_temple_island

Skill      XL: |  1  2  3  4  5  6  7  8 |
---------------+-------------------------+-----
Dodging        | 2 |  2.5
Unarmed Combat | 4 5 |  5.9
Spellcasting   | 3 4 |  4.2
Transmutations | 3 5 7 |  7.8
Fighting       | 3 |  3.5
Stealth        | |  0.9
Poison Magic   | |  0.1

Action                   |  1- 3 |  4- 6 |  7- 9 || total
-------------------------+-------+-------+-------++-------
Melee: Unarmed           |    85 |   120 |   204 ||   409
       Kick              |    21 |    14 |    22 ||    57
       Tailslap          |    12 |     4 |     8 ||    24
       Headbutt          |    19 |     8 |    10 ||    37
       Punch             |       |     2 |     1 ||     3
 Cast: Beastly Appendage |    28 |    24 |    11 ||    63
       Wereblood         |     1 |     2 |       ||     3
       Spider Form       |       |     6 |    11 ||    17
 Abil: Breathe Dispellin |       |       |     7 ||     7
  Use: Scroll            |       |     3 |     3 ||     6
 Stab: Sleeping          |       |     1 |       ||     1
Armor: Skin              |    25 |    22 |    47 ||    94
Dodge: Dodged            |    61 |    77 |   116 ||   254
Block: Other             |       |    23 |    44 ||    67

Table legend: (Time is in decaauts)
 A = Elapsed time spent in this place.
 B = Non-inter-level travel time spent in this place.
 C = Inter-level travel time spent in this place.
 D = Time resting spent in this place.
 E = Time spent auto-exploring this place.
 F = Levels seen in this place.
 G = Mean time per level.
                   A        B        C        D        E       F      G
               +--------+--------+--------+--------+--------+-----+--------+
         Total |   6556 |   6431 |    125 |   1550 |   3781 |   7 |  936.6 |
       Dungeon |   6228 |   6116 |    112 |   1550 |   3489 |   6 | 1038.0 |
        Temple |    328 |    315 |     13 |      0 |    291 |   1 |  328.0 |
               +--------+--------+--------+--------+--------+-----+--------+

Top non-repeatable levels by time:
     D:5: 1899 daAuts
     D:3: 1682 daAuts
     D:4: 889 daAuts
     D:2: 791 daAuts
     D:1: 733 daAuts
  Temple: 328 daAuts
     D:6: 231 daAuts
